Map: Dreamcatcher LE

Players

MaNa

  • Race: Protoss Protoss
  • Spawn Location: 5:00

SpeCial - Winner!

  • Race: Terran Terran
  • Spawn Location: 11:00

Event: WCS Austin 2018

VOD

Have the link to the VOD?

Description

Time

  • Played on: June 3, 2018, 5:10 p.m.
  • Length: 11:21

All games in this series

Show
View Real Time Build Order
Export as new Build Order

MaNa Protoss 

Build Orders: 1 Gate Expand, Oracle Opening 

Get SALT Encoding   

  12  0:00  Probe  
  13  0:12  Probe  
  14  0:18  Pylon  
  14  0:24  Probe  
  15  0:32  Probe  
  15  0:37  Gateway  
  15  0:40  Probe  
  16  0:46  Assimilator  
  17  0:50  Probe  
  18  0:58  Probe  
  19  1:06  Probe  
  20  1:22  Nexus  
  20  1:35  Cybernetics Core  
  20  1:38  Probe  
  21  1:40  Assimilator  
  21  1:49  Pylon  
  21  1:50  Probe  
  22  2:01  Stalker  
  22  2:02  Probe  
  23  2:12  Warp Gate  
  23  2:14  Probe  
  25  2:26  Probe  
  26  2:33  Stalker  
  28  2:38  Probe x2  
  30  2:46  Probe  
  30  2:50  Probe  
  32  2:51  Stargate  
  32  2:55  Probe  
  32  3:02  Probe  
  32  3:03  Stalker  
  35  3:07  Probe  
  36  3:14  Probe  
  37  3:20  Gateway, Probe  
  37  3:21  Gateway  
  37  3:26  Oracle, Probe  
  39  3:28  Probe  
  40  3:39  Probe  
  44  3:43  Probe, Pylon  
  45  3:51  Probe  
  46  4:01  Probe  
  46  4:02  Nexus  
  47  4:06  Probe  
  48  4:13  Probe  
  49  4:17  Pylon  
  49  4:18  Probe  
  49  4:20  Stalker  
  49  4:21  Stalker  
  54  4:28  Shield Battery  
  54  4:29  Shield Battery  
  54  4:35  Phoenix  
  56  4:41  Robotics Facility  
  56  4:42  Probe x2  
  58  4:51  Sentry  
  60  4:53  Assimilator  
  60  4:54  Probe x2  
  60  4:55  Assimilator  
  62  5:03  Pylon  
  64  5:14  Probe x2  
  64  5:15  Stalker x3  
  64  5:17  Probe  
  71  5:26  Probe x2  
  73  5:30  Probe  
  69  5:38  Observer, Probe x2  
  69  5:42  Stalker x3, Probe  
  72  5:50  Probe x2, Pylon  
  72  5:54  Probe  
  75  5:57  Pylon  
  75  6:02  Probe x2  
  75  6:06  Probe  
  75  6:07  Observer  
  76  6:12  Zealot x3  
  76  6:14  Probe x2  
  76  6:18  Probe  
  85  6:20  Immortal, Forge x2  
  85  6:26  Probe x2  
  85  6:30  Probe  
  85  6:32  Phoenix  
  91  6:35  Probe x2  
  91  6:37  Shield Battery  
  91  6:41  Protoss Ground Armor Level 1  
  91  6:42  Probe  
  91  6:43  Probe x2  
  91  6:44  Zealot, Protoss Ground Weapons Level 1  
  91  6:45  Zealot  
  96  6:53  Stalker, Probe x2  
  92  6:54  Probe  
  85  7:05  Pylon, Probe x2  
  80  7:21  Probe  
  78  7:23  Probe  
  78  7:26  Sentry  
  78  7:27  Zealot, Sentry  
  82  7:30  Nexus  
  82  7:33  Probe  
  82  7:35  Probe  
  82  7:41  Robotics Bay  
  82  7:45  Probe  
  82  7:47  Probe  
  84  7:54  Pylon  
  84  7:57  Probe  
  85  8:00  Probe  
  85  8:01  Pylon  
  86  8:10  Twilight Council  
  86  8:11  Immortal  
  86  8:12  Probe x2  
  92  8:14  Pylon  
  92  8:20  Zealot x3  
  92  8:24  Probe x2  
  100  8:30  Robotics Facility  
  99  8:36  Extended Thermal Lance  
  99  8:37  Probe  
  99  8:39  Charge  
  100  8:41  Colossus  
  100  8:46  Zealot x2, Assimilator  
  100  8:47  Assimilator, Protoss Ground Weapons Level 2  
  110  9:05  Zealot  
  112  9:10  Zealot x2  
  112  9:15  Photon Cannon  
  116  9:17  Colossus  
  116  9:19  Gateway x2  
  116  9:22  Gateway  
  122  9:29  Zealot  
  122  9:30  Pylon  
  122  9:31  Pylon  
  124  9:34  Photon Cannon  
  123  9:38  Colossus  
  123  9:42  Shield Battery  
  123  9:49  Zealot  
  123  9:50  Zealot  
  133  9:55  Zealot  
  127  10:18  Colossus  
  129  10:24  Pylon  
  129  10:25  Pylon  
  129  10:27  Stalker x3  
  133  10:28  Pylon  
  132  10:46  Nexus  
  132  10:48  Stalker  
  134  10:50  Pylon  
  130  10:59  Stalker x3  
  130  11:02  Sentry  
Show
View Real Time Build Order
Export as new Build Order

SpeCial Terran - Winner!

Build Orders: Reaper Expand, Banshee Rush 

Get SALT Encoding   

  12  0:00  SCV  
  13  0:12  SCV  
  14  0:17  Supply Depot  
  14  0:25  SCV  
  15  0:38  SCV  
  15  0:40  Barracks  
  16  0:44  Refinery  
  16  0:50  SCV  
  17  1:02  SCV  
  18  1:15  SCV  
  19  1:28  Orbital Command, Reaper  
  20  1:42  Command Center  
  20  1:54  Supply Depot  
  20  1:55  SCV  
  20  2:00  Marine  
  22  2:07  SCV  
  23  2:11  Factory  
  23  2:17  Refinery  
  23  2:19  SCV  
  24  2:23  Barracks Reactor  
  24  2:31  SCV  
  25  2:43  SCV  
  25  2:55  SCV  
  25  2:56  Starport  
  25  2:58  Orbital Command  
  26  2:59  Marine x2  
  26  3:00  Factory Tech Lab  
  28  3:07  SCV  
  28  3:17  Marine x2  
  28  3:19  SCV  
  31  3:25  SCV  
  32  3:27  Factory Tech Lab  
  32  3:31  SCV  
  33  3:35  Marine x2  
  33  3:38  SCV  
  33  3:39  Banshee, Cloaking Field  
  39  3:44  SCV  
  39  3:45  Supply Depot  
  40  3:50  SCV  
  40  3:52  Marine  
  40  3:53  Marine  
  43  3:56  SCV  
  43  4:02  SCV  
  45  4:07  Supply Depot, Siege Tank  
  45  4:08  SCV  
  49  4:14  Marine x2, SCV  
  52  4:17  Supply Depot  
  52  4:20  SCV  
  53  4:26  SCV  
  53  4:28  Banshee  
  57  4:32  SCV  
  57  4:33  Supply Depot  
  57  4:36  Marine x2  
  57  4:38  SCV  
  61  4:43  Siege Tank  
  64  4:50  SCV x2  
  66  4:53  Command Center  
  66  4:57  Marine x2  
  68  5:02  SCV x2  
  68  5:04  Bunker  
  70  5:12  Banshee  
  73  5:14  SCV x2  
  73  5:15  Refinery  
  73  5:16  Refinery  
  73  5:17  Marine x2  
  74  5:22  Supply Depot  
  74  5:26  SCV  
  74  5:27  Siege Tank  
  77  5:28  SCV  
  74  5:38  SCV  
  74  5:39  Marine  
  74  5:40  Marine  
  70  5:43  SCV  
  68  5:50  SCV  
  68  5:51  Barracks  
  68  5:55  Barracks, SCV  
  68  5:56  Banshee  
  73  5:57  Marine x2  
  73  5:59  Siege Tank  
  73  6:03  SCV  
  79  6:07  SCV  
  77  6:13  Orbital Command  
  77  6:15  Marine, SCV  
  79  6:19  SCV  
  79  6:20  Engineering Bay x2  
  79  6:22  Marine  
  81  6:27  SCV  
  81  6:31  Siege Tank  
  81  6:32  SCV  
  86  6:33  Marine  
  86  6:39  SCV  
  88  6:40  Marine  
  88  6:41  Barracks Tech Lab  
  88  6:42  Barracks Tech Lab  
  88  6:44  SCV  
  88  6:45  Bunker  
  90  6:51  Marine, SCV  
  87  6:56  SCV  
  87  6:57  Marine  
  86  7:03  SCV, Siege Tank  
  86  7:06  Terran Infantry Weapons Level 1, Terran Infantry Armor Level 1  
  86  7:08  SCV  
  88  7:09  Orbital Command  
  88  7:12  Barracks  
  88  7:13  Barracks  
  88  7:14  Marine x3  
  88  7:15  Stimpack, SCV, Combat Shields  
  91  7:20  SCV  
  89  7:24  Marine  
  89  7:27  SCV  
  90  7:32  Marine, SCV  
  90  7:34  Starport Reactor, Marine x2  
  90  7:35  Siege Tank  
  94  7:38  SCV  
  94  7:39  SCV  
  94  7:42  Marine  
  97  7:44  SCV  
  97  7:45  Supply Depot  
  97  7:46  Supply Depot  
  97  7:49  Refinery x2  
  97  7:50  Marine, SCV  
  100  7:51  SCV  
  100  7:53  Missile Turret  
  100  7:54  Missile Turret  
  101  8:00  Barracks Reactor  
  101  8:01  Barracks Tech Lab  
  101  8:05  Supply Depot x2  
  101  8:06  Missile Turret  
  101  8:07  Marauder x2, Marine, SCV  
  101  8:08  Marine  
  101  8:10  Missile Turret  
  101  8:11  Medivac x2  
  112  8:16  Missile Turret  
  112  8:18  Missile Turret  
  112  8:24  Marine  
  112  8:26  Marine  
  114  8:27  Factory Reactor  
  114  8:28  Starport  
  114  8:29  Marauder x2  
  114  8:33  Marauder  
  120  8:35  Concussive Shells  
  120  8:36  SCV x2  
  120  8:40  Armory  
  120  8:41  Supply Depot  
  122  8:42  Marine  
  122  8:43  Medivac x2, Marine x3  
  130  8:50  Marauder  
  130  8:53  Supply Depot x2  
  132  8:57  Liberator x3  
  132  9:00  Liberator, Marine  
  137  9:03  Marauder x2  
  137  9:08  Marine  
  137  9:09  Marine x2  
  139  9:15  Supply Depot  
  139  9:16  Supply Depot  
  148  9:17  Supply Depot  
  148  9:18  Marine  
  148  9:22  Command Center  
  154  9:24  Marauder  
  154  9:28  Marine  
  154  9:29  Marine x2  
  156  9:36  Marine  
  156  9:37  Marauder x2  
  161  9:39  Supply Depot  
  161  9:40  Liberator  
  161  9:48  Marauder  
  161  9:51  Marine x2  
  165  9:54  SCV x3  
  165  9:57  Marine x2  
  165  9:59  Marauder  
  175  10:06  Marauder  
  176  10:08  Marine  
  176  10:09  Marine  
  176  10:11  Marine  
  176  10:13  Viking x3  
  184  10:20  Marauder  
  183  10:22  Marine x2  
  183  10:27  Marauder, Marine  
  188  10:29  Marine  
  188  10:34  Supply Depot  
  188  10:35  Supply Depot  
  189  10:43  Marine  
  189  10:49  Marauder  
  181  11:01  Marine x4  
Tags
 
Add a new tag
Caveats
  • Supply blocks, unpowered buildings, or Contaminate may cause inaccurate times.
  • Supply counts are checked every 10 seconds.